 Dungeon Crawl Stone Soup version 0.31-a0-221-gbddc013574 (webtiles) character file.

Game seed: 1117812725995407221

87 qw the Chopper (level 4, -1/28 HPs)
             Began as a Gargoyle Fighter on July 4, 2023.
             Slain by a cerulean imp
             ... wielding a +2 spear
             ... summoned by Natasha
              (3 damage)
             ... on level 2 of the Dungeon.
             The game lasted 00:00:46 (1324 turns).

qw the Chopper (Gargoyle Fighter)                   Turns: 1324, Time: 00:00:47

Health: -1/28      AC: 10    Str: 21    XL:     4   Next: 51%
Magic:  4/4        EV:  9    Int:  9    God:
Gold:   132        SH:  4    Dex:  9    Spells: 3/3 levels left

rFire   . . .        Y - +0 war axe
rCold   . . .        c - +0 buckler
rNeg    + . .        b - +0 scale mail
rPois   inf          (no helmet)
rElec   +            (no cloak)
rCorr   .            (no gloves)
SInv    .            (no boots)
Will    .....        (no amulet) Stlth
                     (no ring)
HPRegen 0.24/turn    (no ring)
MPRegen 0.09/turn

%: no passive effects
@: slowed, very slow
A: sickness immunity, AC +3, negative energy resistance 1, electricity
resistance, torment resistance 1, petrification resistance
a: no special abilities


You were on level 2 of the Dungeon.
You visited 1 branch of the dungeon, and saw 2 of its levels.

You collected 132 gold pieces.


Innate Abilities, Weirdness & Mutations

You are immune to sickness and miasma.
Your stone body is resilient. (AC +3)
You are immune to poison.
You resist negative energy. (rN+)
You are resistant to electric shocks. (rElec)
You are resistant to unholy torment.
You are immune to petrification.


   Skills:
 - Level 3.2 Fighting
 + Level 4.0 Axes
 - Level 1.0 Throwing
 - Level 3.2 Armour
 - Level 3.2 Shields


You had 3 spell levels left.
You didn't know any spells.
Your spell library was empty.

Inventory:

Hand Weapons
 k - a +0 whip
 Y - a +0 war axe (weapon)
Missiles
 q - 2 javelins
Armour
 b - a +0 scale mail (worn)
 c - a +0 buckler (worn)
 f - a scarf of harm
 g - a +0 chain mail
 j - a +0 cloak
 p - the +1 leather armour of Ghostly Satisfaction {rF+}
   (You found it on level 2 of the Dungeon)

   rF:        It protects you from fire.
Jewellery
 o - a ring of positive energy
Scrolls
 a - a scroll of brand weapon {unknown}
 l - a scroll of vulnerability {unknown}
 n - a scroll of identify {unknown}
Potions
 d - a potion of might
 e - 2 potions of attraction {unknown}
 h - a potion of brilliance {unknown}
 i - 2 potions of heal wounds {unknown}
 m - a potion of mutation {unknown}

Dungeon Overview and Level Annotations

Branches:
Dungeon (2/15)

Altars:

Annotations:
D:2 Natasha


Message History

Natasha is lightly wounded.
You hit the cerulean imp. You block Natasha's attack.
The cerulean imp hits you but does no damage.
Natasha closely misses you.
The cerulean imp hits you with a +1 spear.
You miss the cerulean imp.
The cerulean imp is moderately wounded.
You hit Natasha. Natasha claws you.
The cerulean imp hits you but does no damage.
Natasha casts a spell.
The cerulean imp hits you with a +1 spear.
You miss the cerulean imp.
The cerulean imp is moderately wounded.
You hit Natasha but do no damage. You block Natasha's attack.
The cerulean imp barely misses you.
The cerulean imp hits you but does no damage.
Natasha zaps a wand.
The puff of flame hits you! The cerulean imp closely misses you.
You barely miss the cerulean imp.
The cerulean imp is moderately wounded.
You barely miss Natasha.
The cerulean imp hits you from afar with a +2 spear.
Natasha barely misses you.
The cerulean imp hits you but does no damage.
You block the cerulean imp's attack. Natasha claws you but does no damage.
You slash the cerulean imp!
You kill the cerulean imp!
The cerulean imp disappears in a puff of smoke!
You closely miss Natasha. You block the cerulean imp's attack.
Natasha claws you.
The cerulean imp hits you but does no damage.
Natasha stares at you and mumbles some strange words.
You resist with some effort.
You closely miss Natasha.
Natasha is moderately wounded.
The cerulean imp barely misses you. Natasha claws you but does no damage.
The cerulean imp hits you from afar with a +2 spear.
You die...

#.# #.##............# #.#
#.##..######.#### #.#
.#.##......##.####
#.##.#.##.............
#.#.# #..##########.
######..# ##..# ##.###.
#......## ##.#..# ##...<..
#.#####.###.##..####.....#.
##)#@................
####5h.###..####.....#.
#...........# ##...##.
#.##...###.## ##.###.
#.##...##...##########.
>.#.#..................
#####.#.##...#######....
##.####.########.... ##
#.......%%>...


You could see Natasha and a cerulean imp (summoned).

Vanquished Creatures
  Natasha (D:2)
  2 worms (D:2)
  A dart slug (D:2)
  2 bats (D:2)
  4 endoplasms
  3 goblins
  7 hobgoblins (D:1)
  8 jackals
  4 kobolds
  3 quokkas
  5 ball pythons
  5 frilled lizards
  6 rats
51 creatures vanquished.

Notes
Turn   | Place    | Note
-------+----------+-------------------------------------------
     0 | D:1      | qw the Gargoyle Fighter began the quest for the Orb.
     0 | D:1      | Reached XP level 1. HP: 14/14 MP: 1/1
     0 | D:1      | Noticed a shadow dragon
     0 | D:1      | Noticed a large abomination
     0 | D:1      | 0 ||| qw: Version: 0.3-a-41-g9d075ac
     0 | D:1      | 0 ||| qw: Game counter: 787
     0 | D:1      | 0 ||| qw: Melee chars always use a shield: true
     0 | D:1      | 0 ||| qw: God list: Okawaru
     0 | D:1      | 0 ||| qw: Allow faded altars: false
     0 | D:1      | 0 ||| qw: Do Orc after clearing Dungeon:15 true
     0 | D:1      | 0 ||| qw: Do second Lair branch before Depths: true
     0 | D:1      | 0 ||| qw: Lair rune preference: random
     0 | D:1      | 0 ||| qw: Goals: Normal, Zot:1-4, Slime:5, God:TSO, Crypt,
                  | Tomb, Abyss, Pan, Hells, Win
     0 | D:1      | 0 ||| PLANNING D:1-11
     4 | D:1      | Noticed a shadow dragon
     4 | D:1      | Noticed a tentacled monstrosity
     7 | D:1      | Noticed a white draconian
     9 | D:1      | Noticed an iron dragon
    11 | D:1      | Noticed an ice dragon
    13 | D:1      | Noticed a large abomination
    13 | D:1      | Noticed a shadow dragon
    15 | D:1      | Noticed an ice dragon
    15 | D:1      | Noticed an orb of fire
    17 | D:1      | Noticed an ice dragon
    17 | D:1      | Noticed a tentacled monstrosity
    17 | D:1      | Noticed an ice dragon
    19 | D:1      | Noticed an ice dragon
    19 | D:1      | Noticed an iron dragon
    44 | D:1      | Reached skill level 2 in Axes
    68 | D:1      | 68 ||| Stepping ~*~*~tactically~*~*~ (stealth).
   114 | D:1      | Reached XP level 2. HP: 19/19 MP: 2/2
   139 | D:1      | 139 ||| Stepping ~*~*~tactically~*~*~ (stealth).
   256 | D:1      | 256 ||| Stepping ~*~*~tactically~*~*~ (stealth).
   272 | D:1      | 272 ||| Stepping ~*~*~tactically~*~*~ (stealth).
   275 | D:1      | 275 ||| Stepping ~*~*~tactically~*~*~ (stealth).
   277 | D:1      | 277 ||| Stepping ~*~*~tactically~*~*~ (stealth).
   279 | D:1      | 279 ||| Stepping ~*~*~tactically~*~*~ (stealth).
   280 | D:1      | 280 ||| Stepping ~*~*~tactically~*~*~ (stealth).
   284 | D:1      | Reached skill level 3 in Axes
   297 | D:1      | Reached XP level 3. HP: 23/23 MP: 3/3
   302 | D:1      | 302 ||| Stepping ~*~*~tactically~*~*~ (stealth).
   663 | D:1      | 663 ||| READING scroll labelled XOH KOABY.
   664 | D:1      | 664 ||| READING scroll labelled MUBBUTHYNIMN.
   667 | D:1      | 667 ||| READING 2 scrolls labelled ACAFFE COER.
   668 | D:1      | 668 ||| READING scroll labelled IRUITW YCUX.
   669 | D:1      | 669 ||| DROPPING scroll of noise.
   681 | D:2      | 681 ||| Stepping ~*~*~tactically~*~*~ (stealth).
   787 | D:2      | Reached skill level 1 in Throwing
   796 | D:2      | 796 ||| Stepping ~*~*~tactically~*~*~ (stealth).
  1045 | D:2      | Reached XP level 4. HP: 28/28 MP: 4/4
  1116 | D:2      | Identified the +1 leather armour of Ghostly Satisfaction
                  | {rF+}
  1128 | D:2      | 1128 ||| Stepping ~*~*~tactically~*~*~ (stealth).
  1150 | D:2      | Noticed Natasha
  1158 | D:2      | Killed Natasha
  1249 | D:2      | Reached skill level 4 in Axes
  1313 | D:2      | Noticed Natasha
  1321 | D:2      | HP: 3/28 [Natasha/puff of flame (7)]
  1323 | D:2      | HP: 1/28 [Natasha (1)]
  1324 | D:2      | Slain by a cerulean imp

Levels and vault maps discovered:
D:1:      shiori_arrival_whats_in_store_for_you, layout_basic
D:2:      layout_loops_ring, uniq_natasha

Skill      XL: |  1  2  3  4 |
---------------+-------------+-----
Axes           | 2 3 4 |  4.0
Throwing       | 1 |  1.0
Fighting       | |  3.2
Armour         | |  3.2
Shields        | |  3.2

Action                     |  1- 3 |  4- 6 || total
---------------------------+-------+-------++-------
  Melee: War axe           |    94 |    27 ||   121
  Throw: Javelin           |    24 |     4 ||    28
    Use: Scroll            |     4 |       ||     4
 Armour: Scale mail        |    42 |    21 ||    63
  Dodge: Dodged            |    40 |    12 ||    52
  Block: Buckler           |    25 |     6 ||    31

Table legend:
 A = Non-vault XP
 B = Vault XP
 C = Vault XP percentage of total XP
 D = Non-vault monster count
 E = Vault monster count
 F = Vault count percentage of total count
                 A         B        C        D         E       F
            +---------+---------+-------+---------+---------+-------
      Total |      92 |      33 |  26.4 |      50 |       1 |   2.0
            +---------+---------+-------+---------+---------+-------
        D:1 |      42 |       0 |   0.0 |      24 |       0 |   0.0
        D:2 |      50 |      33 |  39.8 |      26 |       1 |   3.7
            +---------+---------+-------+---------+---------+-------
